 Dungeon Crawl Stone Soup version 0.17.1-3-g152610e (webtiles) character file.

1052 Heskey the Fighter (level 8, -5/91 HPs)
             Began as an Ogre Fighter on Mar 22, 2016.
             Killed from afar by Sigmund (12 damage)
             ... with a puff of flame
             ... on level 5 of the Dungeon.
             The game lasted 00:11:00 (5399 turns).

Heskey the Fighter (Ogre Fighter)                   Turns: 5399, Time: 00:11:00

Health: -5/91      AC:  3    Str: 29    XL:     8   Next: 26%
Magic:  8/8        EV:  8    Int:  7    God:
Gold:   291        SH:  9    Dex:  9    Spells: 0 memorised, 7 levels left

rFire  . . .     SeeInvis .     a - +0 flail
rCold  . . .     Clarity  .     b - +0 robe
rNeg   . . .     SustAt   .     c - +0 shield
rPois  .         Gourm    .     (helmet restricted)
rElec  .         Spirit   .     (no cloak)
rCorr  .         Warding  .     (gloves unavailable)
rMut   .         Stasis   .     (boots unavailable)
MR     .....                    (no amulet)
Stlth  +.........               (no ring)
                                (no ring)

@: mighty, lethally poisoned (-5 -> -6), not resistant to hostile enchantments,
very unstealthy
A: unfitting armour, tough skin 1
a: no special abilities


You were on level 5 of the Dungeon.
You were not hungry.

You visited 1 branch of the dungeon, and saw 5 of its levels.
You also visited: Sewer.

You collected 291 gold pieces.

Inventory:

Hand Weapons
 a - a +0 flail (weapon)
Armour
 b - a +0 robe (worn)
 c - a +0 shield (worn)
Jewellery
 i - an uncursed amulet of stasis {unknown}
Wands
 d - a wand of disintegration (20)
Scrolls
 f - 3 scrolls of identify
 g - a scroll of teleportation
Potions
 j - a potion of flight
 l - a potion of magic
Comestibles
 e - a bread ration


   Skills:
 * Level 8.9 Fighting
 * Level 8.2 Maces & Flails
 + Level 4.4 Dodging
 - Level 2.6 Shields


You had 7 spell levels left.
You didn't know any spells.

Dungeon Overview and Level Annotations

Branches:
Dungeon (5/15)
 Temple: D:4-7

Altars:
Ashenzari
Nemelex Xobeh
Ru
Trog
Xom
Zin

Annotations:
D:5 Sigmund


Innate Abilities, Weirdness & Mutations

You are too large for most types of armour.
You have tough skin (AC +1).


Message History

You feel sick. Something hits you.
* * * LOW HITPOINT WARNING * * *
You barely miss something.
You feel sick. Something hits you.
* * * LOW HITPOINT WARNING * * *
You hit something.
You feel sick.
You completely miss something.
You feel sick.
You hear some strange, mumbled words.
Something tries to affect you, but you resist.
You miss something. Something hits you!
* * * LOW HITPOINT WARNING * * *
You sock something!
You feel sick. Something hits you but does no damage.
You barely miss something. You thump something!
You feel sick.
You hear some strange, mumbled words.
Something tries to affect you, but you resist.
You miss something.
You feel sick.
You hear some strange, mumbled words.
A puff of flame appears from out of thin air!
The puff of flame hits you!
You die...

*,*,,,,,* #......#
*,*,,,,,*****#####.##########
*,+,,,,,,,,,,,* #.##.......#
***,,,,,*****,* #..........#
*,,,,,* *,* ####.......#
******* *,* #.........# #,*
#...$.....# #.#####.........#
#...@{..........# **
#######..######## ,*
*************#..# ,*
*,,,,,,,,,,,,...#********
,*****,**********.....**≈≈≈≈≈*
,**,,,,* #.....#*≈*,*≈*
,**,**,* #......*≈,_,≈*
***+**** ###.#..#≈*,*≈*
≈≈≈,≈≈≈* *,*,,*≈≈,≈≈*


There were no monsters in sight!

Vanquished Creatures
  Duvessa (D:4)
  A phantom (D:4)
  A big kobold (Sewer)
  Dowan (D:4)
  4 scorpions
  5 killer bees (D:3)
  A giant frog skeleton (D:5)
  An orc wizard (D:3)
  An iguana (D:5)
  2 hound skeletons (D:4)
  2 river rats (Sewer)
  4 gnolls (D:4)
  7 adders
  3 worms
  3 giant geckos
  8 orcs
  8 ball pythons
  A bat zombie (D:1)
  11 giant cockroaches
  5 goblins
  7 hobgoblins
  6 jackals
  10 kobolds
  A ball python skeleton (D:5)
  7 bats
  A giant cockroach zombie (D:1)
  A giant gecko skeleton (D:4)
  5 giant newts
  A quokka (D:2)
  A quokka skeleton (D:5)
  14 rats
124 creatures vanquished.

Notes
Turn   | Place    | Note
--------------------------------------------------------------
     0 | D:1      | Heskey the Ogre Fighter began the quest for the Orb.
     0 | D:1      | Reached XP level 1. HP: 24/24 MP: 1/1
   136 | D:1      | Reached XP level 2. HP: 30/33 MP: 2/2
   386 | D:1      | Reached XP level 3. HP: 32/40 MP: 3/3
   657 | D:2      | Reached skill level 5 in Fighting
  1046 | D:2      | Reached XP level 4. HP: 50/50 MP: 4/4
  1121 | D:2      | Found a sparkling altar of Nemelex Xobeh.
  1387 | D:2      | Found a shimmering altar of Xom.
  1712 | D:3      | Found a glowing drain.
  1744 | D:3      | Reached XP level 5. HP: 31/59 MP: 5/5
  1953 | Sewer    | Entered a sewer
  2251 | Sewer    | Reached skill level 5 in Maces & Flails
  2532 | Sewer    | Reached skill level 6 in Fighting
  2532 | Sewer    | Reached XP level 6. HP: 36/68 MP: 6/6
  2801 | Sewer    | Found a white marble altar of Elyvilon.
  3403 | D:3      | Reached skill level 7 in Fighting
  3407 | D:3      | Reached XP level 7. HP: 37/78 MP: 7/7
  3765 | D:3      | Found a shattered altar of Ashenzari.
  3767 | D:3      | Found a bloodstained altar of Trog.
  3945 | D:4      | Noticed Dowan
  3947 | D:4      | Noticed Duvessa
  3953 | D:4      | Killed Duvessa
  3960 | D:4      | Killed Dowan
  3960 | D:4      | Reached skill level 8 in Fighting
  4312 | D:4      | Found a sacrificial altar of Ru.
  4675 | D:4      | Reached XP level 8. HP: 89/89 MP: 8/8
  4823 | D:5      | Entered Level 5 of the Dungeon
  5320 | D:5      | Found a glowing silver altar of Zin.
  5372 | D:5      | Noticed Sigmund
  5399 | D:5      | Killed from afar by Sigmund

Action                   |  1- 3 |  4- 6 |  7- 9 || total
-------------------------+-------+-------+-------++-------
Melee: Flail             |    99 |   221 |   144 ||   464
  Use: Potion            |       |    12 |     4 ||    16
       Scroll            |       |     5 |     3 ||     8
 Stab: Sleeping          |     1 |       |       ||     1
  Eat: Chunk             |     1 |     4 |     4 ||     9
       Bread ration      |       |     1 |     1 ||     2
